 Dungeon Crawl Stone Soup version 0.31-a0-102-g33a4ccc0cb (webtiles) character file.

Game seed: 5520004071564667369

413 Chodeload the Trooper (level 7, -6/54 HPs)
             Began as a Djinni Wanderer on May 27, 2023.
             Was an Initiate of Ashenzari.
             Splashed by a jelly's acid (10 damage)
             ... on level 5 of the Dungeon.
             The game lasted 00:12:18 (2961 turns).

Chodeload the Trooper (Djinni Wanderer)             Turns: 2961, Time: 00:12:19

Health: -6/54      AC: -3    Str: 10    XL:     7   Next: 14%
Gold:   71         EV: 12    Int: 15    God:    Ashenzari [......] SH:  0 Dex: 14

rFire   + . .        a - +1 dagger (venom)
rCold   . . .        (no shield)
rNeg    + . .        x - +5 robe of the Equinox {Harm +Inv Will+}
rPois   ∞            d - +0 helmet
rElec   .            (no cloak)
rCorr   .            y - +0 pair of gloves of the Unyielding Gaze {Self, Alch} (curse)
SInv    .            (boots unavailable)
Will    +....        (no amulet)
Stlth   +            r - ring of ice
HPRegen 0.29/turn    s - ring of positive energy
MPRegen 0.00/turn

%: harm (+30% outgoing, +20% incoming), infuse magic (-7 HP)
@: corroded, flying
A: sickness immunity, fire resistance 2, cold vulnerability 1, float, innate
caster, HP casting, extra vitality 1
a: Renounce Religion, Evoke Invisibility, Shatter the Chains


You were on level 5 of the Dungeon.
You worshipped Ashenzari.
Ashenzari was noncommittal.
You visited 2 branches of the dungeon, and saw 6 of its levels.

You collected 273 gold pieces.
You spent 202 gold pieces at shops.

Inventory:

Hand Weapons
 a - a +1 dagger of venom (weapon)
Missiles
 b - 8 poisoned darts (quivered)
 g - 40 stones
 n - 10 boomerangs
Armour
 d - a +0 helmet (worn)
 x - the +5 robe of the Equinox (worn) {Harm +Inv Will+}
   (You found it on level 4 of the Dungeon)

   +Inv:      It lets you turn invisible.
   Harm:      It increases damage dealt and taken.
   Will:      It increases your willpower.
 y - the cursed +0 pair of gloves of the Unyielding Gaze (worn) {Self, Alch}
   (You found it on level 4 of the Dungeon)

   It has a curse which improves the following skills: Introspection: Fighting
   and Spellcasting.
   Alchemy:   Poison Magic and Transmutations.
Magical Staves
 j - a staff of fire
 A - a staff of conjuration
Jewellery
 r - a ring of ice (left hand)
 s - a ring of positive energy (right hand)
Wands
 w - a wand of paralysis (2)
Scrolls
 c - 3 scrolls of fear
 f - 2 scrolls of vulnerability {unknown}
 k - 2 scrolls of poison {unknown}
 m - 4 scrolls of teleportation
 o - 2 scrolls of enchant weapon {unknown}
 t - a scroll of amnesia {unknown}
 u - a scroll of noise {unknown}
 v - a scroll of silence {unknown}
 D - a scroll of fog
 E - a scroll of magic mapping
Potions
 e - a potion of haste {unknown}
 h - 2 potions of enlightenment {unknown}
 i - 3 potions of curing
 l - 3 potions of might
 p - a potion of heal wounds {unknown}
 q - 2 potions of mutation {unknown}
 z - 2 potions of attraction {unknown}
 C - a potion of lignification {unknown}


   Skills:
 + Level 5.0(5.4) Fighting
 - Level 2.4 Throwing
 - Level 2.3 Dodging
 + Level 4.2(4.6) Spellcasting
 + Level 4.2 Conjurations
 + Level 4.2 Hexes
   Level 0.0 Charms
 + Level 4.2 Summonings
 + Level 4.2 Necromancy
 + Level 4.2 Translocations
 + Level 4.2(4.6) Transmutations
 + Level 4.2 Fire Magic
 + Level 4.2 Ice Magic
 + Level 4.2 Air Magic
 + Level 4.2 Earth Magic
 + Level 4.2(4.6) Poison Magic
 - Level 1.0 Evocations


You knew the following spells:

 Your Spells              Type           Power      Damage    Failure   Level
a - Sandblast             Erth           32%        2d9       3%          1
b - Petrify               Tmut/Erth      15%        N/A       34%         4
c - Leda's Liquefaction   Hex/Erth       7%         N/A       36%         4
d - Beastly Appendage     Tmut           34%        N/A       2%          1
e - Ignite Poison         Fire/Tmut/Pois 14%        N/A       11%         3
f - Kiss of Death         Conj/Necr      56%        2d9       3%          1
g - Static Discharge      Conj/Air       28%        2-4/arc   5%          2
h - Ensorcelled Hibernat  Hex/Ice        42%        N/A       5%          2

Your spell library contained the following spells:

 Spells                   Type           Power      Damage    Failure   Level


Dungeon Overview and Level Annotations

Branches:
Dungeon (5/15)             Temple (1/1) D:4

Altars:
Ashenzari
Dithmenos
Elyvilon
Fedhas
Hepliaklqana
Nemelex Xobeh
Qazlal
Ru
Trog
Uskayaw
Wu Jian
Xom
Yredelemnul
Zin
The Shining One

Shops:
D:5 ?


Innate Abilities, Weirdness & Mutations

You are immune to sickness and miasma.
You are immune to poison.
Your flesh is very heat resistant. (rF++)
You are vulnerable to cold. (rC-)
You float through the air rather than walking.
You learn spells naturally, not from books.
Your magical power is your life essence.
You have superior vitality. (+4 MHP)


Message History

You hit the adder.
The adder is poisoned.
The adder is moderately wounded.
The adder bites you.
You hit the adder.
The adder looks even sicker.
The adder is heavily wounded.
The adder bites you but does no damage.
You hit the adder.
The adder looks as sick as possible!
The adder is heavily wounded.
You kill the adder!
The jelly barely misses you.
Your Fighting skill increases to level 5!
You hit the jelly.
Your hands burn!
The jelly is lightly wounded.
The jelly misses you.
You barely miss the jelly.
The jelly is lightly wounded.
The jelly closely misses you.
You hit the jelly.
Your hands burn!
The jelly is moderately wounded.
The jelly hits you but does no damage.
You completely miss the jelly.
The jelly is moderately wounded.
The jelly hits you but does no damage.
You hit the jelly. The acid corrodes you!
Your hands burn!
The jelly is heavily wounded.
The jelly hits you but does no damage.
You hit the jelly but do no damage.
Your hands burn!
The jelly is heavily wounded.
The jelly barely misses you.
You hit the jelly but do no damage. The acid corrodes you!
Your hands burn!
The jelly is heavily wounded.
The jelly hits you.
You are splashed with acid!
* * * LOW HITPOINT WARNING * * *
You hit the jelly.
Your hands burn!
* * * LOW HITPOINT WARNING * * *
The jelly is heavily wounded.
The jelly hits you.
* * * LOW HITPOINT WARNING * * *
The acid corrodes you!
You are splashed with acid!
You die...

.........................
#..............†...... ..
###.......##.......### ...#
#.....#.###......###
.....####)..##### #.......#.
#.....##.## ##....#.#.
####......# ##....∩..
##....## ###.#.#.
##...@.######.#.......
#...J†..#.............
.##....(....#....#......
........(.........#......
..#.....)..........#..... ..
#..)...(.........####.. ..#
###....$...#...........
..#####......$..##......#...
.8......................##..


You could see a jelly.

Vanquished Creatures
  A black bear (D:5)
  A howler monkey (D:5)
  A jelly (D:5)
  2 orc priests (D:5)
  An orc wizard (D:5)
  7 adders
  A gnoll (D:1)
  A worm (D:3)
  A dart slug (D:3)
  6 orcs (D:5)
  8 bats
  6 endoplasms
  2 giant cockroaches
  8 goblins
  11 hobgoblins
  8 jackals
  9 kobolds
  3 quokkas
  7 ball pythons
  7 frilled lizards
  5 rats
96 creatures vanquished.

Notes
Turn   | Place    | Note
-------+----------+-------------------------------------------
     0 | D:1      | Chodeload the Djinni Wanderer began the quest for the Orb.
     0 | D:1      | Chodeload set off with the following items: a +0 dagger, 12
                  | poisoned darts, a scroll of fear, a +0 robethe following
                  | spells memorised: Sandblast, Petrify, Leda's Liquefaction,
                  | Beastly Appendage, Ignite Poison.
     0 | D:1      | Reached XP level 1. HP: 15/15 MP: 0/0
    24 | D:1      | Reached skill level 1 in Fighting
    48 | D:1      | Reached XP level 2. HP: 22/22 MP: 0/0
   154 | D:1      | Reached skill level 2 in Fighting
   257 | D:1      | Reached XP level 3. HP: 28/29 MP: 0/0
   257 | D:1      | Learned a level 1 spell: Kiss of Death
   488 | D:1      | Reached skill level 3 in Fighting
   609 | D:2      | Reached XP level 4. HP: 34/35 MP: 0/0
   840 | D:2      | Reached XP level 5. HP: 38/40 MP: 0/0
   840 | D:2      | Learned a level 2 spell: Static Discharge
  1084 | D:2      | Found a faded altar of an unknown god.
  1579 | D:3      | Found a faded altar of an unknown god.
  1586 | D:3      | Found a glowing golden altar of the Shining One.
  1595 | D:3      | Found a faded altar of an unknown god.
  1596 | D:3      | Found a sparkling altar of Nemelex Xobeh.
  1810 | D:4      | Identified the +5 robe of the Equinox {Harm +Inv Will+}
  1929 | D:4      | Found a staircase to the Ecumenical Temple.
  1965 | Temple   | Entered the Ecumenical Temple
  1980 | Temple   | Became a worshipper of Ashenzari the Shackled
  2193 | D:4      | Reached skill level 4 in Fighting
  2193 | D:4      | Reached skill level 1 in Dodging
  2494 | D:5      | Entered Level 5 of the Dungeon
  2532 | D:5      | Reached XP level 6. HP: 35/47 MP: 0/0
  2879 | D:5      | Found Arakhuy's Magic Scroll Boutique.
  2891 | D:5      | Bought a scroll of fog for 60 gold pieces
  2891 | D:5      | Bought a scroll of identify for 30 gold pieces
  2891 | D:5      | Bought a scroll of magic mapping for 112 gold pieces
  2896 | D:5      | Noticed a black bear
  2903 | D:5      | Killed a black bear
  2904 | D:5      | Reached XP level 7. HP: 50/54 MP: 0/0
  2904 | D:5      | Learned a level 2 spell: Ensorcelled Hibernation
  2954 | D:5      | Reached skill level 5 in Fighting
  2961 | D:5      | Splashed by a jelly's acid

Illustrated notes

Levels and vault maps discovered:
D:1:      minmay_arrival_open_corners, layout_basic, nicolae_grassy_gnolls
D:2:      layout_rooms, shapermc_ecumenical_altar_hornbeckon
D:3:      layout_rooms, chequers_temple_overflow_minitemple,
          minmay_goblin_kobold_house
D:4:      layout_loops_ring, minmay_temple_entry_mist, bh_walls_and_bars
D:5:      layout_cave_pools, serial_column_ruins, column_ruins_grid_1,
          column_ruins_corridor_corner, column_ruins_grid_3,
          column_ruins_columns_dead_end, column_ruins_open_tiny, serial_shops,
          nicolae_shop_crystal, dreamdust_princess_corridor
Temple:   nicolae_temple_no_exploring_needed

Skill      XL: |  1  2  3  4  5  6  7 |
---------------+----------------------+-----
Fighting       | 1 2 3 4 5 |  5.0
Dodging        | 1 2 |  2.3
Spellcasting   | 4 |  4.2
Conjurations   | 4 |  4.2
Hexes          | 4 |  4.2
Summonings     | 4 |  4.2
Necromancy     | 4 |  4.2
Translocations | 4 |  4.2
Transmutations | 4 |  4.2
Fire Magic     | 4 |  4.2
Ice Magic      | 4 |  4.2
Air Magic      | 4 |  4.2
Earth Magic    | 4 |  4.2
Poison Magic   | 4 |  4.2
Throwing       | |  2.4
Evocations     | |  1.0

Action                     |  1- 3 |  4- 6 |  7- 9 || total
---------------------------+-------+-------+-------++-------
  Melee: Dagger            |     2 |    59 |    16 ||    77
         Rapier            |       |     1 |       ||     1
  Throw: Dart              |     7 |    10 |       ||    17
   Cast: Sandblast         |    44 |    68 |       ||   112
         Ignite Poison     |       |     4 |       ||     4
         Ensorcelled Hiber |       |       |     3 ||     3
 Invoke: Curse Item        |       |     1 |       ||     1
    Use: Scroll            |       |     4 |       ||     4
 Armour: Robe              |     4 |    29 |     5 ||    38
  Dodge: Dodged            |     9 |    49 |     7 ||    65

Table legend: (Time is in decaauts)
 A = Elapsed time spent in this place.
 B = Non-inter-level travel time spent in this place.
 C = Inter-level travel time spent in this place.
 D = Time resting spent in this place.
 E = Time spent auto-exploring this place.
 F = Levels seen in this place.
 G = Mean time per level.
                   A        B        C        D        E       F      G
               +--------+--------+--------+--------+--------+-----+--------+
         Total |   3013 |   2903 |    110 |    200 |   1768 |   6 |  502.2 |
       Dungeon |   2990 |   2886 |    104 |    200 |   1768 |   5 |  598.0 |
        Temple |     22 |     16 |      6 |      0 |      0 |   1 |   22.0 |
               +--------+--------+--------+--------+--------+-----+--------+

Top non-repeatable levels by time:
     D:4: 907 daAuts
     D:1: 620 daAuts
     D:3: 585 daAuts
     D:2: 538 daAuts
     D:5: 338 daAuts
  Temple: 22 daAuts
